Cogmind - Beta 13 X1 @@@ ROGUE MODE // 2023.08.06 @ 12:39:04 Player: Luna Result: Destroyed by M2-0V0(R) with Subdweller Laser Performance ------------- Evolutions (0) 0 Regions Visited (2) 400 Robots Destroyed (28) 140 Value Destroyed (701) 701 Prototype IDs (0) 0 Alien Tech Used (0) 0 Bonus (0) 0 TOTAL SCORE: 1241 Bonus ------- None Cogmind --------- Core Integrity 0/250 Matter 295/300 Energy 28/100 System Corruption 0% Temperature Warning (362) Movement Core (450) Ox8 Location -10/Subcaves Parts ------- > --- POWER (1) -------- (None) > --- PROPULSION (2) --- Compact Wheel > --- UTILITY (2) ------ Heat Sink Large Storage Unit > --- WEAPON (2) ------- Subdweller Laser > --- INVENTORY (15) --- Ion Engine Wheel High-capacity Storage Unit Huge Storage Unit Structural Scanner Particle Gun Particle Gun Particle Cannon Particle Cannon Particle Cannon Grenade Launcher Grenade Launcher Peak State ------------ > --- POWER ------------ Ion Engine > --- PROPULSION ------- Light Treads Light Treads > --- UTILITY ---------- Heat Sink Large Storage Unit > --- WEAPON ----------- Particle Gun Particle Gun > --- INVENTORY -------- Ion Engine Ion Engine Ion Engine Light Ion Engine Light Treads Wheel Compact Wheel High-capacity Storage Unit Huge Storage Unit Structural Scanner Particle Gun Particle Gun Particle Cannon Particle Cannon Particle Cannon [Rating: 11] Favorites ----------- Power Ion Engine Engine Ion Engine Propulsion Light Treads Treads Light Treads Wheel Compact Wheel Utility Large Storage Unit Device Heat Sink Storage Large Storage Unit Weapon Particle Gun Energy Gun Particle Gun Build | -11 -10 -10 ------- Run | Jun Mat Sub Slots Evolved . | . . . Power . | . . . Propulsion . | . . . Utility . | . . . Weapon . | . . . Parts Attached 19 | 6 8 5 Power 4 | 1 2 1 Engine 4 | 1 2 1 Core . | . . . Reactor . | . . . Propulsion 4 | 2 . 2 Treads 3 | 2 . 1 Leg . | . . . Wheel 1 | . . 1 Hover . | . . . Flight . | . . . Utility 6 | 1 4 1 Device 4 | . 3 1 Storage 2 | 1 1 . Processor . | . . . Hackware . | . . . Protection . | . . . Artifact . | . . . Weapon 5 | 2 2 1 Energy Gun 5 | 2 2 1 Energy Cannon . | . . . Ballistic Gun . | . . . Ballistic Cannon . | . . . Launcher . | . . . Special Weapon . | . . . Impact Weapon . | . . . Slashing Weapon . | . . . Piercing Weapon . | . . . Special Melee Weapon . | . . . Unidentified Prototypes . | . . . Parts Lost 7 | . . 7 Power 2 | . . 2 Propulsion 3 | . . 3 Utility 1 | . . 1 Weapon 1 | . . 1 Highest Loss Streak 6 | . . 6 To Critical Strikes . | . . . Average Slot Usage (%) 97 | . 97 96 Engine 13 | . 14 13 Treads 27 | . 28 25 Device 12 | . 11 13 Storage 14 | . 14 14 Energy Gun 27 | . 27 27 Naked Turns . | . . . Heaviest Build 33 | 14 32 33 Greatest Support 40 | 40 40 40 Greatest Overweight (x) 1 | . . 1 Average Overweight (x) . | . . . Largest Inventory Capacity 15 | 8 15 15 Average Capacity 13 | 6 13 15 Most Carried 15 | 6 15 15 Average Carried 11 | 2 11 14 Final Capacity 15 | 8 15 15 Final Carried 15 | 6 15 12 Class Distribution -------------------- 82% | Mutant 17% | Scavenger-Mutant Dominant Class ---------------- Mutant | -10/Materials Scavenger-Mutant | -10/Subcaves Resources | -11 -10 -10 ----------- Run | Jun Mat Sub Matter Collected 360 | 205 135 20 Remotely . | . . . Salvage Created 930 | . 752 178 Parts 64 | . 55 9 Haulers Intercepted 1 | . 1 . Recyclers Shooed . | . . . Parts Field Recycled . | . . . Retrieved Matter . | . . . Parts Self-Destructed . | . . . Prevented . | . . . Kills | -11 -10 -10 ------- Run | Jun Mat Sub Combat Hostiles Destroyed 22 | . 18 4 Guns 22 | . 18 4 Classes Destroyed 7 | . 6 1 Tunneler 1 | . 1 . Hauler 1 | . 1 . Operator 1 | . 1 . Watcher 3 | . 3 . Swarmer 6 | . 6 . Grunt 12 | . 12 . Subdweller 4 | . . 4 Best Kill Streak 4 | . 4 3 Combat Bots Only 3 | . 3 3 Max Kills in Single Turn 2 | . 2 1 Gunslinging . | . . . Exploded . | . . . Melee . | . . . Uniques/NPCs Destroyed . | . . . Combat | -11 -10 -10 -------- Run | Jun Mat Sub Damage Taken 1075 | . 386 689 Core 258 | . 101 157 Absorbed by Shields . | . . . Core Remaining (%) 100 | 100 . . Volleys Fired 60 | . 40 20 Largest 2 | . 2 2 Hottest 130 | . 130 130 Shots Fired 115 | . 78 37 Gun 115 | . 78 37 Cannon . | . . . Launcher . | . . . Special . | . . . Kinetic . | . . . Thermal 101 | . 64 37 Explosive . | . . . Electromagnetic 14 | . 14 . Robot Hit Streak 13 | . 6 13 Robot Miss Streak 5 | . 5 1 Penetration Max . | . . . Secondary Targets . | . . . Shots Hit Robots 71 | . 40 31 Core Hits 35 | . 25 10 Critical Kills . | . . . Critical Parts Destroyed . | . . . Critical Strikes 5 | . 2 3 Burn 4 | . 1 3 Corrupt 1 | . 1 . Melee Attacks . | . . . Impact . | . . . Slashing . | . . . Piercing . | . . . Sneak Attacks . | . . . Combat Hostiles . | . . . Follow-up Attacks . | . . . Damage Inflicted 1253 | . 684 569 Guns 1210 | . 641 569 Cannons . | . . . Explosions 43 | . 43 . Melee . | . . . Ramming . | . . . Kinetic . | . . . Thermal 1135 | . 566 569 Explosive . | . . . Electromagnetic 118 | . 118 . Impact . | . . . Slashing . | . . . Piercing . | . . . Highest Corruption . | . . . Average Corruption . | . . . Corruption Purged . | . . . Corruption Blocked . | . . . Overload Shots . | . . . Overflow Damage . | . . . Projectiles . | . . . Explosions . | . . . Melee . | . . . Knockbacks . | . . . Impact . | . . . Kinetic . | . . . Secondary . | . . . Self-Inflicted Damage 33 | . 33 . Shots 1 | . 1 . Rammed . | . . . Targets Rammed . | . . . Kicked . | . . . Crushed . | . . . Highest Temperature 513 | . 369 513 Average Temperature 121 | . 105 316 Received Heat Transfer 903 | . 144 759 Effects 4 | . 4 . Interference 3 | . 3 . Damage (minor) 1 | . 1 . Siege Activations . | . . . Robots Corrupted . | . . . Combat Hostiles . | . . . Parts Fried . | . . . Impact Corruptions . | . . . Robots Melted . | . . . Combat Hostiles . | . . . Parts Melted 4 | . 1 3 Heat Transferred 2570 | . 1308 1262 Parts Sabotaged . | . . . Parts Stolen . | . . . Parts Stripped . | . . . Power Chain Reactions 1 | . 1 . Missiles Intercepted . | . . . Alert | -11 -10 -10 ------- Run | Jun Mat Sub Peak Influence 285 | . 285 . Initial . | . . . Average 129 | . 142 . Maximum Alert Level 1 | . 1 . Low Security (%) 79 | 100 77 . Level 1 20 | . 22 . Level 2 . | . . . Level 3 . | . . . Level 4 . | . . . Level 5 . | . . . High Security . | . . . Max Security . | . . . Squads Dispatched 4 | . 4 . Investigation 2 | . 2 . Extermination . | . . . Reinforcement 2 | . 2 . Assault . | . . . Garrison . | . . . Intercept . | . . . Searches Triggered . | . . . Construction Impeded . | . . . Haulers Reinforced . | . . . Active Scanning Responses . | . . . Cargo Convoy Interrupts . | . . . Stealth | -11 -10 -10 --------- Run | Jun Mat Sub Distress Signals 1 | . 1 . Communications Jammed . | . . . Distress Signals . | . . . Times Spotted 32 | . 25 7 Peak Tracking Total 3 | . 3 3 Tactical Retreats 1 | . 1 . Traps | -11 -10 -10 ------- Run | Jun Mat Sub Traps Triggered 2 | . 2 . Indirectly . | . . . Trap Hack Attempts . | . . . Triggered . | . . . Disarmed . | . . . Reprogrammed . | . . . Reused . | . . . Traps Extracted . | . . . Installed . | . . . Triggered . | . . . Machines | -11 -10 -10 ---------- Run | Jun Mat Sub Machines Disabled . | . . . Max in Single Turn . | . . . Machines Repaired . | . . . Machines Sabotaged . | . . . Overloaded Fab Kills . | . . . Hacking | -11 -10 -10 --------- Run | Jun Mat Sub Machines Accessed 3 | . 3 . Terminals 3 | . 3 . Fabricators . | . . . Repair Stations . | . . . Recycling Units . | . . . Scanalyzers . | . . . Garrison Access . | . . . Total Hacks 12 | . 12 . Successful 5 | . 5 . Failed 6 | . 6 . Catastrophic . | . . . Database Lockouts 1 | . 1 . Manual 11 | . 11 . Terminals 12 | . 12 . Fabricators . | . . . Repair Stations . | . . . Recycling Units . | . . . Scanalyzers . | . . . Garrison Access . | . . . Terminal Hacks 3 | . 3 . Robot Analysis 1 | . 1 . Emergency Access Points 1 | . 1 . Recall Investigation 1 | . 1 . Fabricator Hacks . | . . . Repair Station Hacks . | . . . Recycling Unit Hacks . | . . . Scanalyzer . | . . . Garrison Access Hacks . | . . . Unauthorized Hacks 2 | . 2 . Terminals 2 | . 2 . Botnet 2 | . 2 . Fabricators . | . . . Repair Stations . | . . . Recycling Units . | . . . Scanalyzers . | . . . Garrison Access . | . . . Data Cores Recovered . | . . . Used . | . . . Hacking Detections 2 | . 2 . Full Trace Events . | . . . Feedback Events . | . . . Feedback Blocked . | . . . Robot Schematics Acquired . | . . . Robots Built . | . . . Authchips . | . . . Time . | . . . Total Robot Build Rating . | . . . Part Schematics Acquired . | . . . Parts Built . | . . . Authchips . | . . . Time . | . . . Total Part Build Rating . | . . . Parts Repaired . | . . . Time . | . . . Parts Recycled . | . . . Recycled Matter . | . . . Retrieved Matter . | . . . Retrieved Components . | . . . Parts Scanalyzed . | . . . Part Schematics Acquired . | . . . Parts Damaged . | . . . Bothacking | -11 -10 -10 ------------ Run | Jun Mat Sub Used RIF Installer . | . . . Robots Hacked . | . . . Non-combat . | . . . Combat . | . . . Robot Hacks Applied . | . . . Relay Couplers Released . | . . . Fabnet Peak Effective % . | . . . Robots Rewired . | . . . Allies Hacked . | . . . Hacks Repelled . | . . . Allies | -11 -10 -10 -------- Run | Jun Mat Sub Total Allies . | . . . Largest Group . | . . . Highest-Rated Group . | . . . Highest-Rated Ally . | . . . Total Orders . | . . . Ally Attacks . | . . . Total Damage . | . . . Kills . | . . . Allies Corrupted . | . . . Allies Melted . | . . . Intel | -11 -10 -10 ------- Run | Jun Mat Sub Robot Analysis Total 1 | . 1 . Derelict Logs Recovered . | . . . Drone Launches . | . . . Drone Recoveries . | . . . Exploration | -11 -10 -10 ------------- Run | Jun Mat Sub Turns Passed 1339 | 95 949 295 Spaces Moved 635 | 52 447 136 Core 2 | 2 . . Treads 633 | 50 447 136 Legs . | . . . Wheels . | . . . Hover . | . . . Flight . | . . . Fastest Speed 50 | 50 160 160 Average Speed 159 | 155 160 161 Slowest Speed 240 | 160 160 240 Overloaded Moves . | . . . Propulsion Burnouts . | . . . Robots Hopped . | . . . Cave-ins Triggered . | . . . Exploration Rate (%) 31 | 5 76 13 Regions Visited 2 Branch Regions 1 Pre-discovered Areas . | . . . Known Exits Taken . | . . . Unknown Exits Taken 2 | 1 1 . Scrap Searched 1 | . . 1 Spaces Dug . | . . . Terrain Destroyed 2 | . 2 . Melee . | . . . Projectile . | . . . AOE 2 | . 2 . Terrain Rammed . | . . . Walls Destroyed . | . . . Machines Disabled . | . . . Actions | -11 -10 -10 --------- Run | Jun Mat Sub Total 846 | 63 607 176 Wait 100 | . 87 13 Move 633 | 51 446 136 Hop . | . . . Pick Up 20 | 6 13 1 Fast Attach 10 | 6 4 . Attach 4 | . . 4 Detach 2 | . 2 . Swap 5 | . 4 1 Drop 12 | . 11 1 Fire 60 | . 40 20 Melee . | . . . Ram . | . . . Kick . | . . . Crush . | . . . Escape Stasis . | . . . Rewire . | . . . Trap . | . . . Miscellaneous . | . . . Route ------- -11/Junkyard -10/Materials (discovered 4 exits: [*Mat x3] / [*Sub]) -10/Subcaves History --------- Turn | Location | Event 7 | -11/Junkyard | Discovered new exit (range 15) 96 | -11/Junkyard | Entered Materials 302 | -10/Materials | Build established: Mutant 330 | -10/Materials | Discovered new exit (range 7) 564 | -10/Materials | Central database locked down 570 | -10/Materials | Discovered new exit (range 16) 816 | -10/Materials | Discovered new exit (range 9) 1035 | -10/Materials | Discovered new exit (range 7) 1045 | -10/Materials | Entered Subcaves 1257 | -10/Subcaves | Shifting Twisted Machinery released Sub. Machine Gun 1258 | -10/Subcaves | Shifting Twisted Machinery released Riot Gun 1317 | -10/Subcaves | Core integrity fell below 50% 1337 | -10/Subcaves | Core integrity fell below 20% 1340 | -10/Subcaves | Destroyed by M2-0V0(R) with Subdweller Laser Last Messages --------------- 01144_ Found 23 Matter. Sub. Machine Gun falls loose from the Twisted Machinery. Riot Gun falls loose from the Twisted Machinery. 01289_ Sub. Monowheel melted. 01289_ HO-9QO(R) destroyed. 01295_ BL-QD0(R) destroyed. 01301_ OZ-HFS(R) suffers critical hit (Destroy). 01308_ HH-RWN(R) suffers critical hit (Burn). 01311_ Sub. Monowheel melted. 01311_ HH-RWN(R) destroyed. 01318_ Heat Sink destroyed. 01319_ OZ-HFS(R) affixes Scrap Shield Fragment to Scrap Shield. 01322_ Lgt. Treads destroyed. 01325_ M2-0V0(R) affixes Scrap Shield Fragment to Scrap Shield. 01326_ Critical hit (Meltdown: +270). 01328_ Ion Engine destroyed. 01330_ Critical hit (Meltdown: +300). 01332_ Ion Engine destroyed. 01334_ Particle Gun destroyed. 01336_ Lgt. Treads destroyed. Map ----- +----------------------------------------------------+ | " #?????????????????????# #?##??? #?????? | | ?????????????????????## #?????? #?????? | | ??????????????????????# ##???? ???????? | | ""?????????????????????## ##??? ?????????? | | " ?????????????????????# ##? #??????????? | | ### ?????????????????# ### ## #???????????? | | ???#?????????????????# #### #????????????? | | ?????????????????????## ## ##????????????? | | ??????????????????????# ## #?????????????? | | ??????????????????????### ##?????????????? | | ????????????????????????## #??????????????? | | ?????????????????? ?????## ##?????????????? | | ?????????????????? ##??# ##????????????? | | ?????????????????? ### #####????????? | | ?????????????????? ### ###??????? | | ???????????????????# ### "#??????? | | ???????????????????#" ""#??????? | | ????????????????????##### ##??????? | | ????????????????????????# ##???????? | | ???????????????????????## [## # #???????? | | ??????????????????????## "#" [## #???????? | | ??????????????????????# ###"""" ##???????? | | ??????????????????????####[! #? #""" #???????? | | ???????????????????????###RR! ### ## ##???????? | | ???????????????????????#!%[ ! ## #? ????????? | | ???????????????????????#[@##* ### ?? ????????? | | ???????????????????????# ### #?# ????????????? | | ???????????????????????###?# #??#????????????? | | ???????????????????????????## #???????????????? | | ????????????????????????????# #???????????????? | | ????????????????????????????# #??????????????? | | ???????????????????????????? #??????????????? | | ???????????????????????????? ##??????????????? | | ???????????????????????????? ##???????????????? | | ???????????????????????????? #????????????????? | | ???????????????????????????? #????????????????? | | ????????????????????????????? #????????????????? | | ?????????????????????????????? ?????????????????? | | ?????????????????????????????????????????????????? | | ?????????????????????????????????????????????????? | | ?????????????????????????????????????????????????? | | ?????????????????????????????????????????????????? | | ?????????????????????????????????????????????????? | | ?????????????????????????????????????????????????? | | ?????????????????????????????????????????????????? | | ?????????????????????????????????????????????????? | | ?????????????????????????????????????????????????? | | ?????????????????????????????????????????????????? | | ?????????????????????????????????????????????????? | | ?????????????????????????????????????????????????? | +----------------------------------------------------+ Best States ------------- Heat Dissipation 35 Energy Generation 10 Energy Capacity 250 Matter Stores 300 Matter Capacity 300 Sight Range 16 Terrain Scan Density 10 Evasion (%) 40 Recoil Reduction 2 Item Schematics ----------------- None Robot Schematics ------------------ None Fabricated ------------ Nothing Alien Tech Used ----------------- None Achievements -------------- None Challenges ------------ None Game ------ Seed FlightBurstTorch Manual? 0 Play Time 00:11:06 Cumulative 135.0 hours Start 2023.08.06 @ 12:29:44 End 2023.08.06 @ 12:39:04 Sessions 1 Manual Loads 0 Difficulty Rogue Special Mode None Game No. 101 Rogue 101 Adventurer 0 Explorer 0 Win Type - Total 4 Types 2/0/1/1/0/0/0/0/0 Lore% 44 Gallery% 71 Achievement% 54 Wizard Run 0 Options --------- ASCII 0 Keyboard 1 Movement Vi Keybinds 1 Fullscreen 1 Font 18/SmallcapsGlow Map View 76x50 Tactical HUD 1 Map Filters NONE Filters NONE Steam 0 RUN: 2822598c-4378-4bcc-9cb6-8ecea0464b5e